 Dungeon Crawl Stone Soup version 0.19-a0-3-g95c6029 (webtiles) character file.

21748 Svalin the Severer (level 12, -5/169 HPs)
             Began as a Minotaur Berserker on Apr 28, 2016.
             Was an Elder of Trog.
             Slain by an orc warrior
             ... wielding a +0 trident
              (15 damage)
             ... on level 2 of the Orcish Mines.
             The game lasted 00:53:34 (16687 turns).

Svalin the Severer (Minotaur Berserker)            Turns: 16687, Time: 00:53:34

Health: -5/169     AC:  9    Str: 29    XL:     12   Next: 56%
Magic:  11/11      EV: 14    Int:  4    God:    Trog [****..]
Gold:   1011       SH:  4    Dex: 13    Spells: 0 memorised, 11 levels left

rFire  . . .     SeeInvis +     r - +0 battleaxe (venom)
rCold  . . .     Gourm    .     e - +2 scale mail {rPois}
rNeg   . . .     Faith    .     (shield currently unavailable)
rPois  +         Spirit   .     x - +1 hat {SInv}
rElec  .         Dismiss  .     h - +0 cloak
rCorr  .         Reflect  +     i - +1 pair of gloves
SustAt .         Harm     .     v - +0 pair of boots
MR     ++...                    E - +4 amulet of reflection
Stlth  ..........               (no ring)
                                (no ring)

@: berserking (expiring), corroded, regenerating, very quick, very resistant to
hostile enchantments, extremely unstealthy
A: retaliatory headbutt, horns 2
a: Berserk, Trog's Hand, Brothers in Arms, Burn Spellbooks, Renounce Religion


You were on level 2 of the Orcish Mines.
You worshipped Trog.
Trog was greatly pleased with you.
You were not hungry.

You visited 2 branches of the dungeon, and saw 13 of its levels.

You collected 1011 gold pieces.

Inventory:

Hand Weapons
 a - a +1 hand axe
 r - a +0 battleaxe of venom (weapon)
Missiles
 y - 2 javelins (quivered)
Armour
 e - a +2 scale mail of poison resistance (worn)
 h - a +0 cloak (worn)
 i - a +1 pair of gloves (worn)
 j - a +0 plate armour
 u - a +2 scale mail of fire resistance
 v - a +0 pair of boots (worn)
 x - a +1 hat of see invisible (worn)
Jewellery
 d - a cursed -6 ring of strength {unknown}
 E - a +4 amulet of reflection (around neck)
Wands
 k - a wand of lightning (10/15)
 s - a wand of random effects (10/48)
 t - a wand of slowing (7/48)
 A - a wand of iceblast (2/15)
 H - a wand of random effects (19/48)
Scrolls
 f - 8 scrolls of remove curse
 m - 4 scrolls of recharging
 o - 3 scrolls of fog
Potions
 n - a potion of haste
 w - a potion of cure mutation
 B - a potion of lignification
 F - 2 potions of flight
Comestibles
 b - 5 chunks of flesh
 c - 6 bread rations
 p - 7 meat rations


   Skills:
 + Level 12.8 Fighting
 + Level 16.6 Axes
 - Level 3.9 Throwing
 - Level 10.5 Armour
 + Level 6.9 Dodging


You had 11 spell levels left.
You didn't know any spells.

Dungeon Overview and Level Annotations

Branches:
Dungeon (11/15)            Temple (0/1) D:5            Lair (0/8) D:11
    Orc (2/2) D:11            Elf (0/3) Orc:2

Altars:
Ashenzari
Dithmenos
Elyvilon
Gozag
Nemelex Xobeh
Okawaru
Pakellas
Qazlal
Ru
Sif Muna
Trog
Yredelemnul
Zin
The Shining One
Beogh

Shops:
D:6 }   D:9 (


Innate Abilities, Weirdness & Mutations

You reflexively headbutt those who attack you in melee.
You have a pair of horns on your head.


Message History

You slice the orc high priest!!
The orc high priest is severely wounded.
You slash the smoke demon!
The smoke demon is lightly wounded.
You slash the rust devil!
The rust devil is severely wounded.
The orc hits you from afar with a trident of freezing!
* * * LOW HITPOINT WARNING * * *
The orc freezes you.
* * * LOW HITPOINT WARNING * * *
You slice the orc high priest!!
You kill the orc high priest!
Trog accepts your kill.
You slash the rust devil!
You kill the rust devil!
You slice the smoke demon!!
The smoke demon is almost dead.
The smoke demon disappears in a puff of smoke!
The orc warrior hits you from afar with a trident!
You die...

#....#.).#....# ##.
#.............# ##
#....#...#....# #.......(.....#
#....#...#....# ##...)[).....##
## ### #...#.)o#...# ### .##
##.## ##...[ยง)o..## ####.## ..#
#...# #..#[@)#..# ##.#...##
..####..# ##....[).## #(..#...#
...#....#######.[.#######([[...##
#.......#........((....###[#..###
........#.............###)[....##
.......[)[[.........[...[..[....#
......#()()(.#..#.........#[.#)..
#.............................).#
........[.......................#


You could see an orc warrior and an orc.

Vanquished Creatures
  Snorg (Orc:1)
  3 orc high priests (Orc:2)
  3 hill giants (D:11)
  8 orc knights (Orc:2)
  Pikel (D:5)
  4 orc sorcerers
  A cyclops (D:11)
  A merfolk (D:9)
  3 trolls
  Prince Ribbit (D:6)
  Sigmund (D:6)
  A wyvern (D:11)
  Eustachio (D:6)
  3 hippogriffs
  Menkaure (D:6)
  2 hungry ghosts (D:11)
  A warg (Orc:2)
  24 orc warriors
  3 slaves (D:5)
  A black bear (D:7)
  2 eyes of draining (D:11)
  A wasp (D:11)
  2 sky beasts
  8 ogres
  4 phantoms
  9 centaurs
  2 big kobolds
  6 giant frogs
  2 scorpions
  5 jellies
  7 wights
  4 electric eels (D:7)
  A howler monkey (D:8)
  3 crimson imps
  2 centaur zombies
  2 giant frog zombies
  4 giant frog skeletons
  8 hounds
  19 orc priests
  20 orc wizards
  3 centaur skeletons
  4 iguanas
  Natasha (thrice) (D:2)
  10 worker ants
  A hound zombie (D:11)
  A hound skeleton (D:5)
  11 gnolls
  8 adders
  8 shadow imps
  3 oozes
  A dart slug (D:3)
  11 giant geckos
  66 orcs
  5 bats
  10 giant cockroaches
  6 goblins
  7 hobgoblins
  12 jackals
  4 quokkas
  A ball python (D:3)
  A giant cockroach zombie (D:6)
  A giant gecko zombie (D:8)
  2 giant newts
  A jackal zombie (D:6)
  22 kobolds
  A quokka skeleton (D:4)
  2 quokka zombies
  7 rats
387 creatures vanquished.

Vanquished Creatures (collateral kills)
  A hill giant (D:11)
  A troll (Orc:2)
  A yak (D:11)
  A warg (Orc:2)
  2 orc warriors (Orc:2)
  A big kobold (D:10)
  A gnoll sergeant (D:11)
  6 orc priests (Orc:2)
  3 orcs (Orc:2)
  3 kobolds (D:10)
20 creatures vanquished.

Vanquished Creatures (others)
  A centaur skeleton (D:5)
  A shadow imp (D:5)
  A giant gecko (D:5)
3 creatures vanquished.

Grand Total: 410 creatures vanquished

Notes
Turn   | Place    | Note
--------------------------------------------------------------
     0 | D:1      | Svalin the Minotaur Berserker began the quest for the Orb.
     0 | D:1      | Reached XP level 1. HP: 19/19 MP: 0/0
   382 | D:1      | Reached skill level 4 in Axes
   382 | D:1      | Reached XP level 2. HP: 27/27 MP: 1/1
   680 | D:2      | Noticed Natasha
   687 | D:2      | HP: 2/40 [Natasha (7)]
   688 | D:2      | Killed Natasha
   688 | D:2      | Reached skill level 5 in Axes
   688 | D:2      | Reached XP level 3. HP: 3/33 MP: 2/2
  1102 | D:2      | Noticed Natasha
  1108 | D:2      | Killed Natasha
  1108 | D:2      | Reached XP level 4. HP: 40/40 MP: 3/3
  1280 | D:2      | Reached ** piety under Trog
  1459 | D:2      | Noticed Natasha
  1467 | D:2      | Killed Natasha
  1467 | D:2      | Reached skill level 6 in Axes
  2313 | D:3      | Reached XP level 5. HP: 8/46 MP: 4/4
  2346 | D:3      | Reached skill level 7 in Axes
  3046 | D:3      | Reached *** piety under Trog
  3104 | D:4      | Reached XP level 6. HP: 52/52 MP: 5/5
  3450 | D:4      | Reached skill level 8 in Axes
  3663 | D:4      | Reached skill level 5 in Fighting
  3663 | D:4      | Reached XP level 7. HP: 58/61 MP: 6/6
  3981 | D:4      | Found a shadowy altar of Dithmenos.
  4301 | D:4      | Found a glowing silver altar of Zin.
  4302 | D:4      | Found a deep blue altar of Sif Muna.
  4433 | D:4      | Found a sacrificial altar of Ru.
  4513 | D:4      | Found a sparkling altar of Nemelex Xobeh.
  4515 | D:4      | Found a stormy altar of Qazlal.
  4521 | D:4      | Found an iron altar of Okawaru.
  4522 | D:4      | Found a bloodstained altar of Trog.
  4524 | D:4      | Found a white marble altar of Elyvilon.
  4671 | D:5      | Entered Level 5 of the Dungeon
  4671 | D:5      | Found a staircase to the Ecumenical Temple.
  4952 | D:5      | Noticed Pikel
  4972 | D:5      | Killed Pikel
  4972 | D:5      | Reached skill level 9 in Axes
  4972 | D:5      | Reached skill level 5 in Armour
  4972 | D:5      | Reached XP level 8. HP: 46/71 MP: 7/7
  5094 | D:5      | Reached skill level 10 in Axes
  5341 | D:5      | Found a glowing golden altar of the Shining One.
  5567 | D:6      | Found Liad's Gadget Shoppe.
  5887 | D:6      | Noticed Sigmund
  5896 | D:6      | Killed Sigmund
  5896 | D:6      | Reached skill level 11 in Axes
  5896 | D:6      | Reached XP level 9. HP: 79/79 MP: 8/8
  6131 | D:6      | Noticed Eustachio
  6132 | D:6      | Noticed Prince Ribbit
  6301 | D:6      | Killed Prince Ribbit
  6329 | D:6      | Killed Eustachio
  6414 | D:6      | Noticed Menkaure
  6665 | D:5      | Reached **** piety under Trog
  6711 | D:6      | Killed Menkaure
  6711 | D:6      | Reached skill level 12 in Axes
  8356 | D:7      | Found a basalt altar of Yredelemnul.
  9051 | D:8      | Reached XP level 10. HP: 89/90 MP: 9/9
  9207 | D:8      | Reached skill level 13 in Axes
  9308 | D:8      | Found a deep blue altar of Sif Muna.
  9428 | D:8      | Reached ***** piety under Trog
  9743 | D:8      | Found an oddly glowing altar of Pakellas.
 10002 | D:9      | Identified a scroll of acquirement
 10268 | D:9      | Found a shattered altar of Ashenzari.
 10370 | D:9      | Found Boint's Weapon Shop.
 10621 | D:10     | Entered Level 10 of the Dungeon
 11460 | D:10     | Found an opulent altar of Gozag.
 11637 | D:10     | Reached skill level 14 in Axes
 11877 | D:11     | Reached skill level 10 in Fighting
 12202 | D:11     | Noticed a hill giant
 12214 | D:11     | Killed a hill giant
 12214 | D:11     | Reached skill level 10 in Armour
 12214 | D:11     | Reached XP level 11. HP: 101/101 MP: 10/10
 12243 | D:11     | Noticed a hill giant
 12248 | D:11     | Killed a hill giant
 12256 | D:11     | Found an iron altar of Okawaru.
 12480 | D:11     | Reached skill level 15 in Axes
 12554 | D:11     | Found a staircase to the Lair.
 12577 | D:11     | Found a staircase to the Orcish Mines.
 12828 | D:11     | Noticed a hill giant
 12839 | D:11     | Killed a hill giant
 13037 | D:11     | Noticed a hill giant
 13050 | D:11     | Killed a hill giant
 13369 | Orc:1    | Entered Level 1 of the Orcish Mines
 13480 | Orc:2    | Entered Level 2 of the Orcish Mines
 13490 | Orc:2    | Reached skill level 1 in Throwing
 13797 | Orc:2    | Found a roughly hewn altar of Beogh.
 13814 | Orc:2    | Noticed an orc high priest
 13825 | Orc:2    | Killed an orc high priest
 13976 | Orc:2    | Found a staircase to the Elven Halls.
 14206 | Orc:2    | Noticed an orc sorcerer
 14215 | Orc:2    | Noticed a sun demon
 14215 | Orc:2    | Killed an orc sorcerer
 14360 | Orc:2    | Noticed an orc knight
 14360 | Orc:2    | Noticed an orc knight
 14364 | Orc:2    | Noticed an orc knight
 14367 | Orc:2    | Noticed an orc knight
 14369 | Orc:2    | Noticed an orc high priest
 14843 | Orc:2    | Killed an orc knight
 15232 | Orc:2    | Killed an orc high priest
 15261 | Orc:2    | Killed an orc knight
 15261 | Orc:2    | Reached skill level 16 in Axes
 15261 | Orc:2    | Reached XP level 12. HP: 71/112 MP: 11/11
 15544 | Orc:2    | Reached skill level 5 in Dodging
 15581 | Orc:2    | Received a gift from Trog
 15885 | Orc:2    | Noticed Snorg
 15915 | Orc:2    | HP: 2/112 [orc sorcerer/bolt of fire[an orc knight] (18)]
 16309 | Orc:1    | Killed Snorg
 16672 | Orc:2    | Noticed an orc high priest
 16687 | Orc:2    | Killed an orc high priest
 16687 | Orc:2    | Slain by an orc warrior

Vault maps used:
D:1:      scummos_arrival_checkerplants, serial_bayou_ford_a
D:2:      uniq_natasha
D:4:      grunt_dithmenos_shadows, minitemple, kennysheep_mini,
          gammafunk_temple_overflow_statue, st_stairs_6
D:5:      lemuel_upstairs_altar, tso_oasis_becter, temple_fountains,
          first_bread, minivault_26, uniq_pikel
D:6:      serial_shops, shop, uniq_prince_ribbit1, uniq_menkaure, uniq_sigmund,
          uniq_eustachio
D:7:      serial_bayou, serial_bayou_lagoon_a, serial_bayou_pond_d,
          serial_bayou_pond_e, serial_bayou_lagoon_b, serial_bayou_pond_a,
          serial_bayou_pond_c, basic_altar
D:8:      lemuel_doored_altar, basic_altar
D:9:      nicolae_overflow_crystal_walls, serial_shops, shop,
          hangedman_fish_farm, minmay_statues_item
D:10:     grunt_gozag_breadcrumbs
D:11:     lair_0_dummy, orc_0_dummy, lab_entry_generic, basic_altar,
          st_stairs_13, kennysheep_generic_room_7
Orc:2:    st_orc_pillars, basic_altar, uniq_snorg

Skill      XL: |  1  2  3  4  5  6  7  8  9 10 11 12 |
---------------+-------------------------------------+-----
Axes           | 4 5 6 7 8 9 11 12 14 16 | 16.6
Fighting       | 4 5 6 7 8 10 11 12 | 12.8
Armour         | 3 5 6 8 10 | 10.5
Throwing       | 3 |  3.9
Dodging        | 4 6 |  6.9

Action                   |  1- 3 |  4- 6 |  7- 9 | 10-12 || total
-------------------------+-------+-------+-------+-------++-------
Melee: Hand axe          |    57 |   168 |   358 |   529 ||  1112
       Headbutt          |     7 |    22 |    75 |   176 ||   280
       Battleaxe         |       |       |       |   154 ||   154
Throw: Javelin           |       |       |       |    17 ||    17
       Throwing net      |       |       |       |     1 ||     1
Invok: Berserk           |     2 |     3 |     8 |    17 ||    30
       Trog's Hand       |       |     1 |     8 |    18 ||    27
       Burn Spellbooks   |       |       |     3 |     2 ||     5
       Brothers in Arms  |       |       |       |     5 ||     5
Evoke: Wand              |       |       |       |     2 ||     2
  Use: Scroll            |       |     9 |     1 |    16 ||    26
       Potion            |       |     4 |       |     6 ||    10
 Stab: Sleeping          |       |     1 |       |       ||     1
  Eat: Chunk             |     2 |    12 |    20 |    34 ||    68
       Beef jerky        |       |       |     1 |       ||     1
       Bread ration      |       |       |     1 |     3 ||     4
       Royal jelly       |       |       |       |     1 ||     1
       Meat ration       |       |       |       |     1 ||     1
Armor: Animal skin       |    11 |     6 |       |       ||    17
       Skin              |       |    26 |       |       ||    26
       Scale mail        |       |    41 |   168 |   217 ||   426
Dodge: Dodged            |    41 |    77 |   176 |   275 ||   569
Block: Other             |       |       |       |    81 ||    81
       Reflection        |       |       |       |     6 ||     6
